AoeStats
← BYoooo

Hideout

509052849Analyzed
1v1 RM · 8d ago on Sep 25, 2026· 31m 1s· 2 players
Game mode
Random Map
Map size
Tiny (2 player)
Population
200
Speed
Normal
Resources
Standard
Victory
Conquest
Starting age
Dark Age
Ending age
Imperial Age
RankedLock teamsTeams togetherTeam positionsShared explorationLock speedFull tech treeHidden civsTurbo modeCheats
Victory
Defeat
🇩🇪 Franks · Germany
658
+15
🇭🇰 Danes · Hong Kong SAR China
641
-15
貓貓神槍手
9:40 Feudal Age
15:23 Castle Age
13:52 Double-Bit Axe
14:07 Horse Collar
18:37 Stone Mining
19:12 Bow Saw
20:20 Heavy Plow
20:55 Gold Mining
23:12 Squires
25:24 Forging
26:57 Wheelbarrow
27:57 Hand Cart
33:57 Imperial Age
BYoooo
10:39 Feudal Age
11:08 Double-Bit Axe
12:47 Stone Mining
21:12 Castle Age
21:09 Scale Barding Armor
22:04 Bow Saw
21:55 Husbandry
23:24 Forging
27:10 Gold Mining
Connection lost

Rejoining the realm…

Still unreachable

The connection could not be restored.

Session expired

The server has moved on; the page needs a fresh start.